 Dungeon Crawl Stone Soup version 0.30.1-11-g7821555f0a (webtiles) character file.

Game seed: 4306967029828110537

40606 Peloso the Fencer (level 13, 0/122 HPs)
             Began as a Minotaur Fighter on Dec 13, 2023.
             Was the Champion of Okawaru.
             Slain by a red devil
             ... wielding a +1 demon trident of electrocution
             ... summoned by an orc sorcerer
             ... led by an orc warlord
              (16 damage)
             ... on level 2 of the Orcish Mines.
             The game lasted 00:50:17 (19549 turns).

Peloso the Fencer (Minotaur Fighter)               Turns: 19549, Time: 00:50:18

Health: 0/122      AC: 34    Str: 24    XL:     13   Next: 75%
Magic:  13/13      EV:  9    Int: 10    God:    Okawaru [******]
Gold:   659        SH: 13    Dex: 18    Spells: 12/12 levels left

rFire   . . .        c - +5 scimitar (flame)
rCold   + . .        d - +0 kite shield
rNeg    . . .        L - +8 plate armour of Death Resistance {Str+3 Slay+2}
rPois   .            (helmet restricted)
rElec   .            Z - +3 cloak "Guodwu Duaq" {rC+}
rCorr   +            E - +2 pair of gloves of the Vestibule of Hell {Rampage Will+ Int+3 Slay+3}
SInv    .            n - +0 pair of boots {Fly}
Will    +++..        Y - amulet "Tatouba" {Acrobat rCorr Int+2 Dex+3} Stlth
                     v - ring of willpower
HPRegen 0.40/turn    k - ring of Asazid {Will+ AC+4}
MPRegen 0.13/turn

%: acrobat, rampage
@: spiked, corroded, flying
A: horns 2, retaliatory headbutt
a: Renounce Religion, Heroism, Finesse, Duel


You were on level 2 of the Orcish Mines.
You worshipped Okawaru.
Okawaru was exalted by your worship.
You visited 4 branches of the dungeon, and saw 18 of its levels.
You also visited: Sewer, Bailey and Gauntlet.

You collected 1718 gold pieces.
You spent 1059 gold pieces at shops.

Inventory:

Hand Weapons
 a - a +0 heavy scimitar
 b - a +2 heavy scimitar
 c - a +5 scimitar of flaming (weapon)
Armour
 d - a +0 kite shield (worn)
 e - the +1 pair of gloves "Qairr" {rF- rCorr Dex+2}
   (You bought it in a shop on level 1 of the Orcish Mines)

   Dex:       It affects your dexterity (+2).
   rF:        It makes you vulnerable to fire.
   rCorr:     It protects you from acid and corrosion.
 m - a +2 plate armour of willpower
 n - a +0 pair of boots of flying (worn)
 A - a +1 buckler of fire resistance
 E - the +2 pair of gloves of the Vestibule of Hell (worn) {Rampage Will+ Int+3 Slay+3}
   (You acquired it in a bailey)

   Int:       It affects your intelligence (+3).
   Slay:      It affects your accuracy & damage with ranged weapons and melee
   (+3).
   Rampage:   It bestows one free step when moving towards enemies.
   Will:      It increases your willpower.
 L - the +8 plate armour of Death Resistance (worn) {Str+3 Slay+2}
   (Okawaru gifted it to you on level 10 of the Dungeon)

   Str:       It affects your strength (+3).
   Slay:      It affects your accuracy & damage with ranged weapons and melee
   (+2).
 V - the +7 plate armour "Mapser" {rC+ Str+4}
   (You bought it in a shop on level 7 of the Dungeon)

   Str:       It affects your strength (+4).
   rC:        It protects you from cold.
 Z - the +3 cloak "Guodwu Duaq" (worn) {rC+}
   (You found it in a Gauntlet)

   rC:        It protects you from cold.
Jewellery
 k - the ring of Asazid (right hand) {Will+ AC+4}
   (You found it in a sewer)

   [ring of protection]

   AC:        It affects your AC (+4).
   Will:      It increases your willpower.
 v - a ring of willpower (left hand)
 C - an amulet of faith
 Q - a ring of protection from fire
 W - a ring of ice
 Y - the amulet "Tatouba" (around neck) {Acrobat rCorr Int+2 Dex+3}
   (You found it in a Gauntlet)

   [amulet of the acrobat]

   It increases your evasion while moving and waiting.
   Int:       It affects your intelligence (+2).
   Dex:       It affects your dexterity (+3).
   rCorr:     It protects you from acid and corrosion.
Scrolls
 h - 3 scrolls of blinking
 j - 7 scrolls of immolation
 l - 7 scrolls of teleportation
 o - 4 scrolls of fear
 s - 2 scrolls of poison
 T - a scroll of acquirement
Potions
 f - 6 potions of heal wounds
 g - 11 potions of curing
 i - a potion of berserk rage
 q - a potion of might
 x - a potion of invisibility
 D - a potion of resistance
 J - 2 potions of flight {unknown}
 M - 2 potions of haste {unknown}
 U - a potion of attraction {unknown}


   Skills:
 + Level 13.2 Fighting
 + Level 16.1 Long Blades
 + Level 14.4 Armour
 + Level 5.0 Dodging
 + Level 1.8 Stealth
 + Level 13.0 Shields
 + Level 1.5 Invocations
 + Level 2.6 Evocations


You had 12 spell levels left.
You didn't know any spells.
Your spell library contained the following spells:

 Spells                   Type           Power      Damage    Failure   Level
 Freeze                   Ice            0%         1d3       99%         1
 Sandblast                Erth           0%         2d4       99%         1
 Shock                    Conj/Air       0%         1d3       99%         1
 Sting                    Tmut/Pois      0%         1d3       99%         1
 Blink                    Tloc           0%         N/A       100%        2
 Cigotuvi's Dreadful Rot  Necr/Pois/Air  0%         N/A       100%        2
 Lesser Beckoning         Tloc           0%         N/A       100%        2
 Momentum Strike          Conj/Tloc      0%         3d8       100%        2
 Passwall                 Tmut/Erth      0%         N/A       100%        2
 Poisonous Vapours        Pois/Air       0%         N/A       100%        2
 Scorch                   Fire           0%         2d5       100%        2
 Sublimation of Blood     Necr           0%         N/A       100%        2
 Wereblood                Tmut           0%         N/A       100%        2
 Dazzling Flash           Conj/Hex       0%         N/A       100%        3
 Gell's Gravitas          Tloc           0%         N/A       100%        3
 Ignite Poison            Fire/Tmut/Pois 0%         N/A       100%        3
 Inner Flame              Hex/Fire       0%         N/A       100%        3
 Portal Projectile        Hex/Tloc       0%         N/A       100%        3
 Stone Arrow              Conj/Erth      0%         3d7       100%        3
 Swiftness                Air            0%         N/A       100%        3
 Teleport Other           Tloc           0%         N/A       100%        3
 Vhi's Electric Charge    Tloc/Air       0%         N/A       100%        3
 Airstrike                Air            0%         2d(0-16)  100%        4
 Cause Fear               Hex            0%         N/A       100%        4
 Leda's Liquefaction      Hex/Erth       0%         N/A       100%        4
 Olgreb's Toxic Radiance  Pois           0%         N/A       100%        4
 Petrify                  Tmut/Erth      0%         N/A       100%        4
 Sticky Flame             Conj/Fire      0%         2d3       100%        4
 Arcjolt                  Conj/Air       0%         1d10      100%        5
 Freezing Cloud           Conj/Ice/Air   0%         6-21      100%        5
 Metabolic Englaciation   Hex/Ice        0%         N/A       100%        5
 Dispersal                Tloc           0%         N/A       100%        6
 Plasma Beam              Fire/Air       0%         2x1d11    100%        6
 Statue Form              Tmut/Erth      0%         N/A       100%        6
 Fire Storm               Conj/Fire      0%         5d1       100%        9
 Polar Vortex             Ice            0%         N/A       100%        9
 Summon Guardian Golem    Hex/Summ       Unusable   N/A       N/A         3
 Tukima's Dance           Hex            Unusable   N/A       N/A         3
 Summon Hydra             Summ           Unusable   N/A       N/A         7

Dungeon Overview and Level Annotations

Branches:
Dungeon (12/15)            Temple (1/1) D:5            Lair (3/5) D:10
 Shoals (0/4) Lair:3       Spider (0/4) Lair:3          Orc (2/2) D:9
  Sewer (visited)          Bailey (visited)         Gauntlet (visited)
    Elf: Orc:2

Altars:
Ashenzari
Cheibriados
Dithmenos
Elyvilon
Fedhas
Gozag
Hepliaklqana
Kikubaaqudgha
Makhleb
Nemelex Xobeh
Okawaru
Qazlal
Ru
Sif Muna
Trog
Uskayaw
Vehumet
Wu Jian
Xom
Yredelemnul
Zin
The Shining One

Shops:
D:4 (   D:7 [   Orc:1 [*   Orc:2 [

Annotations:
D:12 Casa
Lair:3 Dig, 1 runed translucent door
Orc:2 Urug


Innate Abilities, Weirdness & Mutations

You have a pair of horns on your head.
You reflexively headbutt those who attack you in melee.


Message History

The rust devil hits you. The rust devil corrodes you!
You block the red devil's attack. You block the orc warrior's attack.
Urug hits you but does no damage.
You writhe in agony.
You slice the orc wizard!! You burn the orc wizard.
You kill the orc wizard!
Okawaru accepts your kill. The rust devil completely misses you.
You block the red devil's attack. You block the orc priest's attack.
The orc warrior hits you but does no damage.
Urug closely misses you.
The orc priest calls down the wrath of Beogh upon you.
Beogh smites you!
* * * LOW HITPOINT WARNING * * *
The orc sorcerer hits you but does no damage.
You slash the orc priest! You burn the orc priest!
You kill the orc priest!
Okawaru accepts your kill. The rust devil hits you.
The rust devil corrodes you! You block the red devil's attack.
Unknown command.
The barbs in your skin will harm you if you move.
Continue?
Okay, then.
There are monsters nearby!
The barbs in your skin will harm you if you move.
Continue?
The barbed spikes dig painfully into your body as you move.
* * * LOW HITPOINT WARNING * * *
You block Urug's attack. The orc sorcerer completely misses you.
The orc priest begins to cast a cantrip, but forgets the words!
The red devil hits you from afar with a +1 demon trident of electrocution!
* * * LOW HITPOINT WARNING * * *
Barbed spikes become lodged in your body.
There is a stone staircase leading up, spattered with blood here.
Items here: ))) [[[ †††.
Unknown command.
You block the orc priest's attack.
The orc sorcerer hits you with a +0 dagger.
* * * LOW HITPOINT WARNING * * *
You block the orc warrior's attack.
The red devil hits you from afar with a +1 demon trident of electrocution!
You die...

#.##...........................#
.......................[......##
...............................#
#.#.....)......................#
))).....)##)...................#
#)#.....))..........)..........#
..)##...)##....#..............##
.).....).###..##[o............##
...........#.#.#@o4............#
..#..####......ooo{............#
.8#### #......4oo.#..#.......##
..# ##....#...............## ..#
##......................# .o#
#.......#.#.............# ....
#...............#......##
....#####..........#...##.#...#
......8.....)......##...####.##


You could see Urug, a rust devil (summoned), an orc sorcerer, a red devil
(summoned), an orc warrior, 2 orc priests, an orc wizard and an orc.

Vanquished Creatures
  An orc warlord (Orc:2)
  A minotaur (Gauntlet)
  Snorg (D:12)
  A hydra (Lair:3)
  Fannar (Lair:1)
  Erica (D:8)
  5 two-headed ogres
  4 death yaks (Lair:3)
  2 orc high priests
  A boulder beetle (D:11)
  Sonja (D:12)
  Lodul (D:10)
  Pikel (D:6)
  An orc knight (Orc:2)
  An orc sorcerer (Orc:2)
  2 ugly things (D:12)
  5 elephants (Lair:2)
  4 black mambas
  A merfolk siren (Lair:3)
  7 cane toads
  A smoke demon (Gauntlet)
  Maggie (D:6)
  2 rime drakes
  A kobold demonologist (Bailey)
  An efreet (D:10)
  7 komodo dragons
  A hornet (D:8)
  2 trolls
  14 blink frogs
  Prince Ribbit (Lair:1)
  Grinder (D:3)
  A dream sheep (Lair:3)
  3 slime creatures
  16 yaks
  A wyvern (D:7)
  2 wraiths
  3 chaos spawn (Gauntlet)
  A steam dragon (D:7)
  3 basilisks
  2 vampire mosquitoes (D:9)
  A neqoxec (Gauntlet)
  A warg (Orc:1)
  An acid dragon (D:12)
  10 water moccasins
  28 orc warriors
  A swamp drake (D:9)
  2 black bears
  16 ogres
  11 centaurs
  2 kobold brigands
  8 bullfrogs
  A gnoll sergeant (D:9)
  7 scorpions
  3 wights (D:10)
  5 killer bees (D:6)
  4 howler monkeys
  3 electric eels (Bailey)
  3 crimson imps (Gauntlet)
  Crazy Yiuf (D:7)
  12 orc priests
  A jelly (D:6)
  2 hounds (D:6)
  A gnoll bouda (D:7)
  Ijyb (D:3)
  3 iguanas
  25 orc wizards
  A sleepcap (D:7)
  Robin (D:2)
  16 gnolls
  A river rat (D:6)
  8 adders
  2 ufetubi
  6 worms
  2 dart slugs (D:2)
  61 orcs
  17 endoplasms
  14 giant cockroaches
  16 goblins
  17 hobgoblins
  17 jackals
  10 quokkas
  16 ball pythons
  7 bats
  8 frilled lizards
  14 kobolds
  10 rats
503 creatures vanquished.

Vanquished Creatures (others)
  2 orcs
2 creatures vanquished.

Grand Total: 505 creatures vanquished

Notes
Turn   | Place    | Note
-------+----------+-------------------------------------------
     0 | D:1      | Peloso the Minotaur Fighter began the quest for the Orb.
     0 | D:1      | Reached XP level 1. HP: 19/19 MP: 0/0
   348 | D:1      | Reached XP level 2. HP: 27/27 MP: 1/1
   967 | D:2      | Reached XP level 3. HP: 18/33 MP: 2/2
  1312 | D:2      | Identified the +0 robe "Noucuyqi" {Slay+2}
  1412 | D:2      | Noticed Robin
  1414 | D:2      | Reached skill level 3 in Long Blades
  1418 | D:2      | Killed Robin
  1559 | D:2      | Reached XP level 4. HP: 38/40 MP: 3/3
  2001 | D:3      | Noticed Grinder
  2001 | D:3      | Paralysed by Grinder for 5 turns
  2009 | D:3      | Paralysed by Grinder for 2 turns
  2012 | D:3      | Killed Grinder
  2013 | D:3      | Reached skill level 5 in Long Blades
  2013 | D:3      | Reached skill level 1 in Dodging
  2013 | D:3      | Reached XP level 5. HP: 45/47 MP: 4/4
  2013 | D:3      | Reached XP level 6. HP: 51/53 MP: 5/5
  2076 | D:3      | Got Bacewn's Lectures on Hoarfrost and the Faeries
  2091 | D:3      | Reached skill level 5 in Armour
  2096 | D:3      | Reached skill level 1 in Stealth
  2358 | D:3      | Noticed Ijyb
  2372 | D:3      | Killed Ijyb
  3054 | D:4      | Found Vafim's Weapon Shop.
  3114 | D:4      | Reached skill level 6 in Long Blades
  3198 | D:4      | Reached XP level 7. HP: 60/60 MP: 6/6
  3372 | D:5      | Entered Level 5 of the Dungeon
  3470 | D:5      | Reached skill level 5 in Shields
  4079 | D:5      | Found a staircase to the Ecumenical Temple.
  4088 | Temple   | Entered the Ecumenical Temple
  4568 | D:6      | Found a glowing drain.
  4586 | Sewer    | Entered a sewer
  4692 | Sewer    | Reached skill level 5 in Fighting
  5214 | Sewer    | Reached skill level 7 in Long Blades
  5233 | Sewer    | Identified the ring of Asazid {Will+ AC+4}
  5336 | D:6      | Reached XP level 8. HP: 56/68 MP: 7/7
  5381 | D:6      | Noticed Maggie
  5400 | D:6      | Killed Maggie
  5401 | D:6      | Reached skill level 8 in Long Blades
  5799 | D:6      | Reached skill level 1 in Evocations
  5800 | D:6      | Noticed Pikel
  5822 | D:6      | Killed Pikel
  5823 | D:6      | Reached skill level 9 in Long Blades
  5823 | D:6      | Reached XP level 9. HP: 53/75 MP: 8/8
  6166 | D:7      | Found a hide-covered altar of Uskayaw.
  6169 | D:7      | Found a shimmering blue altar of Sif Muna.
  6171 | D:7      | Found a bloodstained altar of Trog.
  6171 | D:7      | Found a shimmering altar of Xom.
  6171 | D:7      | Found a white marble altar of Elyvilon.
  6172 | D:7      | Found a blossoming altar of Fedhas.
  6173 | D:7      | Found an iron altar of Okawaru.
  6174 | D:7      | Found a basalt altar of Yredelemnul.
  6176 | D:7      | Found an ancient bone altar of Kikubaaqudgha.
  6179 | D:7      | Became a worshipper of Warmaster Okawaru
  6595 | D:7      | Found Revem's Antique Armour Shop.
  6920 | D:7      | Reached skill level 10 in Long Blades
  6924 | D:7      | Reached * piety under Okawaru
  7311 | D:7      | Found a runed translucent door.
  7312 | D:7      | Noticed Crazy Yiuf
  7324 | D:7      | Killed Crazy Yiuf
  7505 | D:8      | Paralysed by a hornet for 1 turns
  7926 | D:8      | Noticed Erica
  7937 | D:8      | HP: 1/79 [poisoned by Erica (bolt of poison)]
  7945 | D:8      | Killed Erica
  7945 | D:8      | Reached ** piety under Okawaru
  7946 | D:8      | Reached XP level 10. HP: 16/86 MP: 9/9
  8330 | D:8      | Reached skill level 11 in Long Blades
  9041 | D:8      | Reached skill level 10 in Armour
  9386 | D:9      | Noticed a two-headed ogre
  9393 | D:9      | Killed a two-headed ogre
  9393 | D:9      | Reached *** piety under Okawaru
 10121 | D:9      | Noticed a two-headed ogre
 10134 | D:9      | Killed a two-headed ogre
 10135 | D:9      | Reached skill level 12 in Long Blades
 10304 | D:9      | Reached **** piety under Okawaru
 10529 | D:9      | Found a staircase to the Orcish Mines.
 10541 | D:9      | Reached XP level 11. HP: 91/97 MP: 10/10
 10646 | D:10     | Entered Level 10 of the Dungeon
 10731 | D:10     | Found a staircase to the Lair.
 10785 | D:10     | Identified the +3 leather armour of the Bells {Int+5
                  | Slay-5}
 10890 | D:10     | Identified the +11 war axe of Olloqumi {heavy, rN+ rCorr}
 10999 | D:10     | Found a flagged portal.
 11014 | Bailey   | Entered a bailey
 11242 | Bailey   | Reached ***** piety under Okawaru
 11556 | Bailey   | Found an iron altar of Okawaru.
 11556 | Bailey   | Noticed an orc high priest
 11567 | Bailey   | Killed an orc high priest
 11824 | Bailey   | Got the Compendium of Direction and Malisons
 12043 | Bailey   | Acquired the +2 pair of gloves of the Vestibule of Hell
                  | {Rampage Will+ Int+3 Slay+3}
 12541 | D:10     | Noticed a two-headed ogre
 12546 | D:10     | Killed a two-headed ogre
 12546 | D:10     | Identified the +8 plate armour of Death Resistance {Str+3
                  | Slay+2} (Okawaru gifted it to you on level 10 of the
                  | Dungeon)
 12546 | D:10     | Received a gift from Okawaru
 12764 | D:7      | Bought a warped plate armour for 728 gold pieces
 12764 | D:7      | Identified the +7 plate armour "Mapser" {rC+ Str+4} (You
                  | bought it in a shop on level 7 of the Dungeon)
 12837 | D:11     | Noticed Lodul
 12851 | D:10     | Killed Lodul
 12852 | D:10     | Reached skill level 10 in Fighting
 12852 | D:10     | Reached skill level 13 in Long Blades
 13186 | D:11     | Noticed a two-headed ogre
 13192 | D:11     | Killed a two-headed ogre
 13293 | D:11     | Found an ancient bone altar of Kikubaaqudgha.
 13477 | D:11     | Noticed a boulder beetle
 13502 | D:11     | Killed a boulder beetle
 13644 | Lair:1   | Entered Level 1 of the Lair of Beasts
 13655 | Lair:1   | Noticed Fannar
 13668 | Lair:1   | Killed Fannar
 13698 | Lair:1   | Reached XP level 12. HP: 106/108 MP: 11/11
 13740 | Lair:1   | Noticed Prince Ribbit
 13757 | Lair:1   | Killed Prince Ribbit
 13774 | Lair:1   | Reached skill level 14 in Long Blades
 13783 | Lair:1   | You fall into a shaft and drop 1 floor!
 14060 | Lair:1   | Found a gate leading to a gauntlet.
 14069 | Gauntlet | Entered a Gauntlet
 14069 | Gauntlet | Found a transporter.
 14069 | Gauntlet | Found a transporter.
 14079 | Gauntlet | Found a transporter.
 14082 | Gauntlet | Found a transporter.
 14097 | Gauntlet | Found a transporter.
 14103 | Gauntlet | Found a transporter.
 14110 | Gauntlet | Noticed a hell beast
 14112 | Gauntlet | Found a transporter.
 14130 | Gauntlet | Found a transporter.
 14148 | Gauntlet | Found a transporter.
 14151 | Gauntlet | Found a transporter.
 14153 | Gauntlet | Found a runed translucent gate.
 14153 | Gauntlet | Found a runed translucent gate.
 14153 | Gauntlet | Found a runed translucent gate.
 14154 | Gauntlet | Found a large runed translucent door.
 14154 | Gauntlet | Found a large runed translucent door.
 14155 | Gauntlet | Found a large runed translucent door.
 14156 | Gauntlet | Found a large runed translucent door.
 14157 | Gauntlet | Found a large runed translucent door.
 14157 | Gauntlet | Found a large runed translucent door.
 14158 | Gauntlet | Found a large runed translucent door.
 14159 | Gauntlet | Found a large runed translucent door.
 14164 | Gauntlet | Found a large runed translucent door.
 14164 | Gauntlet | Found a large runed translucent door.
 14164 | Gauntlet | Found a runed translucent door.
 14164 | Gauntlet | Found a runed translucent door.
 14165 | Gauntlet | Found a large runed translucent door.
 14166 | Gauntlet | Found a large runed translucent door.
 14168 | Gauntlet | Found a transporter.
 14171 | Gauntlet | Found a transporter.
 14175 | Gauntlet | Found a large runed translucent door.
 14175 | Gauntlet | Found a large runed translucent door.
 14176 | Gauntlet | Found a large runed translucent door.
 14177 | Gauntlet | Found a large runed translucent door.
 14225 | Gauntlet | Identified the amulet "Tatouba" {Acrobat rCorr Int+2 Dex+3}
 14465 | Gauntlet | Noticed a minotaur
 14485 | Gauntlet | Killed a minotaur
 14486 | Gauntlet | Reached skill level 10 in Shields
 14538 | Gauntlet | Identified the +2 leather armour of Reason {Harm rF- rCorr}
 14541 | Gauntlet | Got Exyemyomuj's Guidebook on Pyromania
 14543 | Gauntlet | Identified the +3 cloak "Guodwu Duaq" {rC+}
 15202 | Lair:2   | Received a gift from Okawaru
 15202 | Lair:2   | Found the +15 Maxwell's patent armour {-Cast -Tele rElec
                  | Will+ rCorr}
 15203 | Lair:2   | Reached skill level 1 in Invocations
 15489 | Lair:2   | Reached skill level 15 in Long Blades
 15805 | Lair:2   | Found a glowing silver altar of Zin.
 16330 | Lair:3   | Reached XP level 13. HP: 106/117 MP: 13/13
 16407 | Lair:3   | Found a hole to the Spider Nest.
 16708 | Lair:3   | Found a runed translucent door.
 17209 | Lair:3   | Found a staircase to the Shoals.
 18057 | D:12     | Noticed Sonja
 18063 | D:12     | Killed Sonja
 18179 | D:12     | Noticed Snorg
 18192 | D:12     | Killed Snorg
 18798 | Orc:1    | Entered Level 1 of the Orcish Mines
 18811 | Orc:1    | Found Hosipi's Antique Armour Emporium.
 18826 | Orc:1    | Bought a pair of smoking gloves for 285 gold pieces
 18826 | Orc:1    | Identified the +1 pair of gloves "Qairr" {rF- rCorr Dex+2}
                  | (You bought it in a shop on level 1 of the Orcish Mines)
 18907 | Orc:1    | Found Meytakk's CLEARANCE SALE!.
 18920 | Orc:1    | Bought a +0 pair of boots of flying for 46 gold pieces
 19176 | Orc:2    | Entered Level 2 of the Orcish Mines
 19346 | Orc:2    | Found Pamib's Antique Armour Shoppe.
 19383 | Orc:2    | Reached skill level 16 in Long Blades
 19405 | Orc:2    | Noticed an orc warlord
 19428 | Orc:2    | Killed an orc warlord
 19429 | Orc:2    | Reached skill level 5 in Dodging
 19436 | Orc:2    | Reached ****** piety under Okawaru
 19518 | Orc:2    | Noticed Urug
 19549 | Orc:2    | Slain by a red devil

Illustrated notes

Levels and vault maps discovered:
D:1:      dpeg_arrival_snail, layout_basic, hangedman_glass_teeth,
          nicolae_concentric_dashed_squares_mild, minmay_unequal
D:2:      layout_basic, serial_bayou_pond_e, uniq_robin
D:3:      layout_loops_ring, minmay_joined_circles, uniq_grinder, uniq_ijyb
D:4:      layout_rooms, serial_shops, nicolae_shop_waterfront
D:5:      nicolae_cairo_tiling_large_dashed, layout_loops_ring, temple_hall,
          chequers_big_river, minmay_holes
D:6:      layout_cave_pools, portal_sewer_entry_b, uniq_pikel, uniq_maggie
D:7:      layout_loops_corners, minitemple, serial_shops,
          nicolae_shop_tiny_waterfront, uniq_crazy_yiuf_cottage
D:8:      layout_layer_cave, uniq_erica
D:9:      layout_basic, erik_orc_1, minmay_liquid_box, st_stairs_8
D:10:     layout_loops_corners, lair_entry_dummy, enter_bailey_7
D:11:     layout_rooms, kiku_gazebo_pond_becter, uniq_lodul
D:12:     layout_cave_pools, serial_column_ruins, column_ruins_hut,
          column_ruins_open_small, column_ruins_open_tiny, column_ruins_grid_1,
          column_ruins_open_tiny, column_ruins_columns_water,
          minmay_lizard_king, uniq_sonja, uniq_snorg
Temple:   nicolae_temple_bog_church
Lair:1:   layout_chaotic_city, gauntlet_entry_generic,
          infiniplex_staircase_pool, grunt_megastairs_2, uniq_prince_ribbit2,
          uniq_fannar
Lair:2:   layout_hall_layers, basic_altar, wad_woods_road_02, grunt_megastairs_1
Lair:3:   gammafunk_lair_enchanted_lake, layout_layer_cave,
          minmay_shoals_entry_lonely_mermaid, nicolae_spider_entry_non_spiders
Orc:1:    layout_diamond_mine, serial_shops, shop, nicolae_shop_clearance
Orc:2:    grunt_orc_cross, layout_caves, serial_shops, nicolae_square_shop

Skill      XL: |  1  2  3  4  5  6  7  8  9 10 11 12 13 |
---------------+----------------------------------------+-----
Shields        | 4 5 6 7 8 9 11 13 | 13.0
Armour         | 4 5 6 7 9 10 12 13 14 | 14.4
Fighting       | 4 5 6 7 9 10 11 13 | 13.2
Long Blades    | 3 5 6 7 9 10 12 13 15 16 | 16.1
Dodging        | 1 2 3 4 5 |  5.0
Stealth        | 1 |  1.8
Evocations     | 1 2 |  2.6
Invocations    | 1 |  1.5

Action                     |  1- 3 |  4- 6 |  7- 9 | 10-12 | 13-15 || total
---------------------------+-------+-------+-------+-------+-------++-------
  Melee: Long sword        |   100 |   161 |   151 |       |       ||   412
         Headbutt          |    11 |    22 |    41 |   139 |    74 ||   287
         Scimitar          |       |       |   167 |   576 |   287 ||  1030
 Invoke: Heroism           |       |       |       |     7 |     1 ||     8
  Evoke: Wand              |       |       |     4 |     7 |       ||    11
    Use: Potion            |     3 |     1 |     5 |     2 |       ||    11
         Scroll            |     1 |       |     4 |    17 |     4 ||    26
   Stab: Confused          |       |       |       |     1 |       ||     1
 Armour: Scale mail        |    54 |    39 |       |       |       ||    93
         Chain mail        |       |    39 |   158 |       |       ||   197
         Plate armour      |       |       |    83 |   245 |   140 ||   468
  Dodge: Dodged            |    57 |    53 |   204 |   169 |   102 ||   585
  Block: Buckler           |    23 |    40 |   100 |    22 |       ||   185
         Kite shield       |       |       |       |   272 |   198 ||   470
